Map: Ruins of Endion

Players

capac - Winner!

  • Race: Terran Terran
  • League: Gold

Nemonix

  • Race: Zerg Zerg
  • League: Gold

VOD

Have the link to the VOD?

Description

Time

  • Played on: May 7, 2016, 5:15 p.m.
  • Length: 14:01
Show
View Real Time Build Order
Export as new Build Order

capac Terran - Winner!

Build Orders: Reaper Expand, MMM Bio 

Get SALT Encoding   

  12  0:01  SCV  
  13  0:13  SCV  
  14  0:18  Supply Depot  
  14  0:25  SCV  
  15  0:40  SCV  
  15  0:41  Barracks  
  16  0:46  Refinery  
  16  0:52  SCV  
  17  1:04  SCV  
  18  1:16  SCV  
  19  1:29  Orbital Command  
  19  1:31  Reaper  
  20  1:42  Command Center  
  20  1:54  Supply Depot  
  20  1:55  SCV  
  21  2:03  Marine  
  22  2:10  SCV  
  22  2:11  Factory  
  22  2:15  Refinery  
  23  2:24  Barracks Reactor  
  23  2:27  Barracks  
  23  2:29  SCV  
  24  2:54  SCV  
  24  2:58  Factory Tech Lab  
  26  3:05  Marine x2  
  25  3:08  Orbital Command  
  25  3:10  Starport  
  25  3:12  SCV  
  27  3:16  Barracks Tech Lab  
  27  3:20  Engineering Bay  
  27  3:40  SCV  
  27  3:41  SCV  
  29  3:44  Bunker  
  29  3:46  Marine x3  
  32  3:50  Starport Reactor  
  32  3:51  Siege Tank  
  34  4:00  Barracks  
  34  4:03  Marine  
  34  4:04  Marine  
  34  4:09  Marine  
  37  4:13  Stimpack  
  37  4:17  Supply Depot  
  37  4:18  SCV x2  
  39  4:27  Medivac  
  41  4:31  SCV x2  
  41  4:32  Marine x3  
  41  4:36  Supply Depot  
  46  4:44  Supply Depot, SCV  
  46  4:45  SCV  
  48  4:50  Barracks  
  48  4:54  Siege Tank  
  48  4:57  SCV x2  
  53  5:02  Refinery  
  53  5:08  Medivac  
  53  5:10  Marine x3  
  53  5:11  Marine  
  53  5:13  SCV  
  60  5:20  Refinery  
  60  5:22  SCV  
  60  5:26  SCV  
  60  5:28  Marine x2  
  64  5:30  Siege Tank  
  64  5:31  Marine x2  
  69  5:37  SCV  
  69  5:38  SCV  
  71  5:47  Barracks Reactor  
  71  5:49  Barracks Reactor  
  71  5:51  Barracks  
  71  5:52  SCV x2  
  73  5:59  Terran Infantry Weapons Level 1  
  73  6:09  Medivac  
  75  6:27  Command Center  
  75  6:32  Marine x3  
  78  6:35  Supply Depot  
  78  6:37  Marine  
  79  6:41  Supply Depot  
  79  6:49  Marine x2  
  79  6:50  Barracks Reactor  
  79  6:53  Combat Shields  
  81  6:55  Siege Tank  
  81  6:57  Medivac x2  
  78  7:12  Marine x4  
  78  7:13  Marine x3  
  85  7:21  SCV x2  
  87  7:30  Marine, Armory  
  87  7:31  Supply Depot  
  87  7:35  Engineering Bay  
  88  7:40  Supply Depot  
  88  7:50  Marine x7  
  95  7:52  Marine  
  95  7:54  Marine  
  97  8:03  Siege Tank  
  97  8:05  Missile Turret  
  100  8:08  Supply Depot  
  100  8:33  Liberator x2  
  100  8:37  Marine x3  
  100  8:38  Marine x4  
  100  8:39  SCV  
  100  8:40  SCV  
  109  8:41  Terran Infantry Weapons Level 2  
  109  8:42  Terran Infantry Armor Level 1  
  109  8:47  Barracks  
  109  8:48  Missile Turret  
  109  8:49  Terran Vehicle Weapons Level 1  
  109  8:53  Supply Depot  
  115  8:57  Orbital Command  
  115  8:59  SCV  
  115  9:00  SCV  
  117  9:05  Marine x7  
  124  9:11  SCV  
  124  9:12  SCV  
  119  9:33  Missile Turret  
  119  9:34  Missile Turret  
  119  9:37  SCV x2  
  119  9:38  Marine x6  
  123  9:39  Marauder, Marine  
  123  9:40  Marine  
  123  9:41  Barracks Reactor  
  123  9:44  Supply Depot  
  131  9:49  Supply Depot  
  131  9:55  Starport  
  126  10:28  Marine x6  
  128  10:29  Marine  
  133  10:38  Terran Infantry Armor Level 2  
  133  10:40  Concussive Shells  
  133  10:41  Siege Tank  
  133  10:42  Starport Reactor  
  136  10:54  Marine x9  
  136  10:55  Marine x2  
  147  11:09  SCV x3  
  150  11:12  Marine x5  
  150  11:13  Marauder  
  150  11:14  Refinery  
  150  11:17  Starport  
  157  11:34  Marauder  
  159  11:40  Liberator  
  159  11:54  Refinery  
  159  11:55  Starport Reactor  
  159  11:56  Marauder  
  159  11:59  Liberator x3  
  164  12:05  Sensor Tower  
  164  12:10  Marine  
  165  12:16  Supply Depot x2, Marine x7  
  165  12:19  Supply Depot  
  181  12:38  Marine x2  
  181  12:58  Marine x10  
  182  12:59  Marine  
  191  13:15  Marine  
  191  13:16  Marine x2  
  191  13:17  Marauder  
  179  13:38  Marauder  
  181  13:46  Command Center  
Show
View Real Time Build Order
Export as new Build Order

Nemonix Zerg 

Build Orders: Hatch First 

Get SALT Encoding   

  12  0:02  Drone  
  13  0:12  Overlord  
  13  0:18  Drone  
  14  0:31  Drone x2  
  16  0:37  Drone  
  17  0:55  Hatchery  
  16  0:57  Drone  
  16  1:01  Drone  
  18  1:05  Extractor  
  17  1:18  Spawning Pool  
  16  1:35  Overlord  
  16  1:36  Drone x2  
  18  1:51  Drone  
  19  2:03  Drone  
  19  2:05  Queen  
  22  2:10  Queen  
  22  2:11  Drone x2  
  22  2:15  Metabolic Boost  
  26  2:19  Drone  
  28  2:30  Zergling x6  
  28  2:36  Spine Crawler  
  26  2:56  Roach Warren  
  26  2:57  Drone x3  
  26  2:58  Drone  
  30  3:09  Drone  
  30  3:10  Drone  
  30  3:11  Drone  
  33  3:17  Drone  
  34  3:20  Extractor  
  34  3:21  Extractor  
  32  3:53  Drone  
  32  3:54  Drone x3  
  36  3:57  Overlord  
  36  4:01  Overlord  
  36  4:05  Overlord  
  36  4:06  Overlord  
  36  4:15  Drone  
  36  4:16  Drone x4  
  36  4:17  Drone  
  42  4:26  Drone x2  
  42  4:27  Drone x2  
  46  4:32  Drone  
  46  4:34  Hatchery  
  46  4:38  Lair  
  46  4:47  Evolution Chamber x2  
  46  4:48  Roach x2  
  48  4:53  Roach x5  
  58  5:06  Roach x4  
  66  5:09  Roach  
  68  5:21  Overlord x2  
  68  5:37  Zerg Missile Weapons Level 1, Zerg Ground Armor Level 1  
  68  5:39  Roach x4  
  68  5:40  Roach  
  78  5:47  Drone x2  
  78  5:48  Drone  
  78  5:49  Drone  
  83  5:50  Drone  
  83  5:52  Drone  
  83  5:54  Ravager x2  
  86  6:03  Drone x3  
  86  6:04  Drone  
  90  6:06  Overlord  
  90  6:23  Overlord  
  90  6:24  Overlord  
  90  6:28  Glial Reconstitution  
  90  6:35  Drone  
  90  6:36  Drone x6  
  90  6:37  Infestation Pit  
  90  6:38  Ravager x2  
  98  6:42  Overlord  
  98  6:44  Queen  
  100  6:48  Roach x3  
  100  6:50  Zergling x4  
  105  7:06  Roach x5  
  105  7:07  Roach  
  104  7:09  Roach  
  104  7:13  Drone x2  
  108  7:16  Extractor  
  108  7:17  Extractor  
  108  7:22  Roach  
  108  7:23  Roach x3  
  108  7:26  Overlord  
  114  7:35  Drone x2  
  116  7:40  Drone  
  116  7:42  Drone x2  
  116  7:43  Drone  
  122  7:44  Roach  
  122  7:47  Ravager  
  122  7:48  Ravager x2  
  122  7:51  Overlord  
  125  8:02  Extractor  
  125  8:03  Roach x3  
  130  8:13  Roach x4  
  130  8:19  Overlord  
  138  8:20  Overlord x3  
  138  8:21  Overlord  
  138  8:27  Overlord x4  
  138  8:28  Overlord  
  138  8:38  Queen x3, Infestor x3  
  150  8:44  Ravager  
  150  8:45  Ravager  
  150  8:47  Zergling x2  
  150  8:48  Zergling x6  
  154  8:49  Zergling x2  
  154  8:50  Zergling x4  
  154  8:52  Zergling x2  
  160  9:03  Overseer  
  160  9:06  Overseer x2  
  160  9:08  Roach x3  
  160  9:09  Zergling x2  
  167  9:12  Overlord x2  
  167  9:13  Zergling x2  
  167  9:14  Zergling x10, Pneumatized Carapace  
  160  9:25  Zergling x6  
  160  9:28  Zerg Ground Armor Level 2  
  160  9:33  Drone x4  
  164  9:40  Roach  
  164  9:41  Roach x3  
  173  9:45  Zergling x2  
  173  9:46  Zergling x8  
  173  9:47  Queen  
  179  9:57  Hive  
  177  10:03  Zergling x6  
  176  10:10  Roach x3  
  174  10:15  Roach  
  163  10:22  Roach x2  
  163  10:23  Roach  
  163  10:33  Roach x3  
  169  10:39  Zergling x2  
  169  10:40  Zergling x2  
  168  10:48  Ravager x5  
  168  10:49  Ravager  
  174  10:51  Infestor  
  176  10:57  Zergling x4  
  176  10:58  Zergling x2  
  179  11:13  Hatchery  
  173  11:30  Viper, Overlord x4  
  176  11:37  Ultralisk Cavern  
  174  11:40  Zerg Missile Weapons Level 2  
  174  12:11  Zergling x20, Spire  
  183  12:43  Zergling x4  
  183  12:44  Zergling x6  
  188  12:53  Ultralisk  
  194  13:00  Zergling x4  
  194  13:01  Zergling x6  
  136  13:24  Zergling x8  
  136  13:25  Zergling x18  
  97  13:28  Zergling x2  
  97  13:29  Zergling x4  
  97  13:30  Corruptor  
  97  13:32  Roach  
  104  13:39  Zergling x2  
  117  13:41  Drone  
  117  13:42  Drone  
  117  13:47  Drone  
  89  13:58  Extractor  
Tags
 
Add a new tag
Caveats
  • Supply blocks, unpowered buildings, or Contaminate may cause inaccurate times.
  • Supply counts are checked every 10 seconds.